 Dungeon Crawl Stone Soup version 0.18-a0-1481-g708b138 (webtiles) character file.

10031 4thArraOfDagon the Slicer (level 11, -9/72 HPs)
             Began as a Halfling Enchanter on Mar 2, 2016.
             Was a High Priest of Cheibriados.
             Hit by a large rock thrown by a cyclops (36 damage)
             ... on level 11 of the Dungeon.
             The game lasted 00:33:07 (5024 turns).

4thArraOfDagon the Slicer (Halfling Enchanter)      Turns: 5024, Time: 00:33:08

Health: -9/72      AC:  4    Str: 21    XL:     11   Next: 85%
Magic:  11/16      EV: 24    Int: 32    God:    Cheibriados [*****.]
Gold:   429        SH:  0    Dex: 27    Spells: 2 memorised, 11 levels left

rFire  + + .     SeeInvis .     N - +1 dagger (venom)
rCold  x . .     Gourm    .     H - +1 robe {Archmagi}
rNeg   . . .     Faith    .     (shield restricted)
rPois  .         Spirit   .     (no helmet)
rElec  .         Dismiss  .     a - +0 cloak
rCorr  .         Reflect  .     (no gloves)
SustAt .         Harm     .     (no boots)
MR     .....                    (no amulet)
Stlth  +++++.....               R - ring of fire
                                f - +4 ring of intelligence

@: very slow, not resistant to hostile enchantments, quite stealthy
A: clever 1, fire resistance 1, mutation resistance 1, MP-powered wands
a: Bend Time, Temporal Distortion, Slouch, Step From Time, Renounce Religion


You were on level 11 of the Dungeon.
You worshipped Cheibriados.
Cheibriados was extremely pleased with you.
You were hungry.

You visited 1 branch of the dungeon, and saw 11 of its levels.

You collected 555 gold pieces.
You spent 126 gold pieces at shops.

Inventory:

Hand Weapons
 b - a +1 short sword of protection
 A - a +0 long sword
 C - a +0 rapier
 N - a +1 dagger of venom (weapon)
Missiles
 z - 2 throwing nets (quivered)
 Q - 6 curare-tipped needles
Armour
 a - a +0 cloak (worn)
 E - a +1 robe of cold resistance
 H - a +1 robe of the Archmagi (worn)
 O - a troll hide
Jewellery
 f - a +4 ring of intelligence (left hand)
 q - an uncursed ring of stealth
 R - a ring of fire (right hand)
Wands
 F - a wand of teleportation (4/9)
 I - a wand of flame (29/48)
Scrolls
 e - 3 scrolls of blinking
 m - a scroll of fear {unknown}
 n - 2 scrolls of noise {unknown}
 p - 7 scrolls of remove curse {unknown}
 t - 4 scrolls of magic mapping {unknown}
 y - 5 scrolls of teleportation
 G - 5 scrolls of recharging {unknown}
 J - a scroll of random uselessness {unknown}
 L - a scroll of enchant armour {unknown}
 M - a scroll of amnesia
 P - a scroll of enchant weapon {unknown}
Potions
 h - 3 potions of cure mutation {unknown}
 j - 4 potions of magic
 k - 2 potions of curing
 o - a potion of lignification {unknown}
 s - 2 potions of might
 u - 2 potions of brilliance {unknown}
 v - 2 potions of flight {unknown}
 w - 2 potions of resistance
 x - a potion of degeneration
 B - 3 potions of haste
 D - a potion of agility
Books
 c - a book of Maledictions

   Spells                             Type                      Level
   a - Corona                         Hexes                        1
   b - Ensorcelled Hibernation        Hexes/Ice                    2
   c - Confuse                        Hexes                        3
   d - Tukima's Dance                 Hexes                        3
   e - Dazzling Spray                 Conjuration/Hexes            3
 r - a book of Annihilations

   Spells                             Type                      Level
   a - Poison Arrow                   Conjuration/Poison           6
   b - Chain Lightning                Conjuration/Air              8
   c - Lehudib's Crystal Spear        Conjuration/Earth            8
   d - Glaciate                       Conjuration/Ice              9
   e - Fire Storm                     Conjuration/Fire             9
Comestibles
 d - 7 bread rations
 g - 4 meat rations
 i - 2 beef jerkies
 l - 17 fruits
 K - 2 chunks of flesh


   Skills:
 + Level 5.6 Fighting
 - Level 9.9(11.1) Short Blades
 * Level 6.3(8.0) Long Blades
 + Level 7.5 Dodging
 + Level 9.0 Stealth
 - Level 3.0 Spellcasting
 - Level 6.0 Hexes
 - Level 1.5 Ice Magic
 + Level 6.9 Invocations


You had 11 spell levels left.
You knew the following spells:

 Your Spells              Type           Power        Failure   Level  Hunger
b - Ensorcelled Hibernat  Hex/Ice        ####..       1%          2    #......
c - Confuse               Hex            ######..     1%          3    ##.....


Dungeon Overview and Level Annotations

Branches:
Dungeon (11/15)            Temple (0/1) D:7             Orc (0/2) D:11
   Lair: D:8-11

Altars:
Ashenzari
Cheibriados
Dithmenos
Elyvilon
Fedhas
Gozag
Kikubaaqudgha
Makhleb
Okawaru
Sif Muna
Trog
Vehumet
Yredelemnul
Zin

Shops:
D:6 (%?}

Portals:
Trove: D:11 (give 8 potions of agility)


Innate Abilities, Weirdness & Mutations

You are small and have problems with some larger weapons.
You are somewhat resistant to further mutation.
Your mind is acute. (Int +2)
Your flesh is heat resistant.
You expend magic power (3 MP) to strengthen your wands.


Message History

The centaur shoots an arrow.
The arrow hits you!
Unknown command.
Unknown command.
You can feel time thicken for a moment.
You kill the killer bee!
Cheibriados thoroughly appreciates the change of pace.
You kill the killer bee!
Cheibriados thoroughly appreciates the change of pace.
You kill the killer bee!
Cheibriados thoroughly appreciates the change of pace.
You kill the centaur!
Cheibriados thoroughly appreciates the change of pace.
Your Stealth skill increases to level 9!
You kill the centaur!
Cheibriados thoroughly appreciates the change of pace.
You are feeling hungry.
Cheibriados lowers the support of your attributes as your movement quickens.
The cyclops throws a large rock.
The large rock hits you!!!
Ouch! That really hurt!
You die...

.... ........<..... ##..
#..................
#..................
#.................. ##
######.....)o........... ..
.........>.......C........... ..
............................. ..
............................. ##
#.......†....@.o.#############
#................#
#................#
####.........(......#############
.................................
...................).............
.................................
......##############..###########
......##############... ... .....


You could see a cyclops and 2 orc warriors.

Vanquished Creatures
  Erolcha (D:10)
  A centaur warrior (D:11)
  A hill giant (D:11)
  An unseen horror (D:11)
  An orc knight (D:10)
  A wolf spider (D:10)
  A manticore (D:10)
  An ugly thing (D:11)
  A troll (D:10)
  Prince Ribbit (D:9)
  Sigmund (D:2)
  A wraith (D:11)
  9 yaks (D:10)
  A shadow (D:11)
  A hippogriff (D:10)
  2 hungry ghosts
  Duvessa (D:6)
  2 eyes of draining (D:5)
  2 ice beasts
  A phantom (D:7)
  3 orc warriors
  A black bear (D:6)
  3 sky beasts
  A wasp (D:10)
  An ogre (D:7)
  2 centaurs (D:11)
  A crocodile (D:11)
  A big kobold (D:9)
  5 giant frogs
  Dowan (D:6)
  A scorpion (D:7)
  3 killer bees (D:11)
  A giant frog zombie (D:7)
  A jelly (D:10)
  3 crimson imps
  4 hounds
  8 orc priests
  A giant frog skeleton (D:6)
  A gnoll shaman (D:6)
  2 centaur skeletons
  Crazy Yiuf (D:3)
  Jessica (D:2)
  Natasha (D:2)
  Ijyb (D:2)
  5 orc wizards
  2 worker ants
  A hound skeleton (D:4)
  8 gnolls
  9 adders
  2 worms
  A dart slug (D:2)
  3 giant geckos
  27 orcs
  5 bats
  3 giant cockroaches
  5 goblins
  2 hobgoblins
  10 jackals
  12 kobolds
  4 quokkas
  2 ball pythons
  2 giant newts
  6 rats
188 creatures vanquished.

Notes
Turn   | Place    | Note
--------------------------------------------------------------
     0 | D:1      | 4thArraOfDagon the Halfling Enchanter began the quest for the Orb.
     0 | D:1      | Reached XP level 1. HP: 11/11 MP: 3/3
    40 | D:1      | You fall through a shaft!
    93 | D:2      | Noticed Jessica
   152 | D:2      | Killed Jessica
   152 | D:2      | Reached XP level 2. HP: 10/17 MP: 2/4
   152 | D:2      | Reached XP level 3. HP: 12/21 MP: 2/5
   177 | D:2      | Found a white marble altar of Elyvilon.
   181 | D:2      | Learned a level 2 spell: Ensorcelled Hibernation
   218 | D:2      | Noticed Sigmund
   244 | D:3      | Found an opulent altar of Gozag.
   478 | D:2      | Reached XP level 4. HP: 23/27 MP: 0/6
   508 | D:3      | Found a snail-covered altar of Cheibriados.
   513 | D:3      | MEH
   513 | D:3      | Became a worshipper of Cheibriados the Contemplative
   713 | D:3      | Reached XP level 5. HP: 31/31 MP: 0/7
   798 | D:4      | Reached skill level 1 in Ice Magic
   944 | D:5      | Entered Level 5 of the Dungeon
  1047 | D:5      | Found a bloodstained altar of Trog.
  1047 | D:5      | Noticed an eye of draining
  1074 | D:5      | Noticed an eye of draining
  1080 | D:5      | Reached skill level 5 in Short Blades
  1093 | D:5      | Killed an eye of draining
  1093 | D:5      | Reached skill level 1 in Invocations
  1093 | D:5      | Reached XP level 6. HP: 31/37 MP: 0/8
  1123 | D:5      | Killed an eye of draining
  1123 | D:5      | Reached skill level 1 in Fighting
  1123 | D:5      | Reached XP level 7. HP: 37/43 MP: 0/9
  1173 | D:5      | Learned a level 3 spell: Confuse
  1177 | D:5      | Found a snail-covered altar of Cheibriados.
  1236 | D:5      | Found an iron altar of Okawaru.
  1237 | D:5      | Found a shadowy altar of Dithmenos.
  1238 | D:5      | Reached * piety under Cheibriados
  1244 | D:5      | Found an ancient bone altar of Kikubaaqudgha.
  1244 | D:5      | Found a blossoming altar of Fedhas.
  1244 | D:5      | Found a deep blue altar of Sif Muna.
  1549 | D:6      | Found a glowing silver altar of Zin.
  1572 | D:6      | Found Ograetys's Magic Scroll Boutique.
  1576 | D:6      | Reached skill level 5 in Stealth
  1580 | D:6      | Found Xeiso's Weapon Shoppe.
  1616 | D:6      | Bought a scroll of teleportation for 36 gold pieces
  1616 | D:6      | Bought a scroll of blinking for 90 gold pieces
  1642 | D:6      | Found a burning altar of Makhleb.
  1781 | D:6      | Reached XP level 8. HP: 36/50 MP: 3/10
  1788 | D:6      | Noticed Duvessa
  1884 | D:6      | Found Uzoonn's Food Emporium.
  1884 | D:6      | Noticed Dowan
  1927 | D:6      | Killed Duvessa
  1953 | D:5      | Found a radiant altar of Vehumet.
  1953 | D:5      | Found a basalt altar of Yredelemnul.
  2122 | D:4      | Reached ** piety under Cheibriados
  2279 | D:3      | Noticed Crazy Yiuf
  2285 | D:3      | Killed Crazy Yiuf
  2355 | D:2      | Killed Sigmund
  2399 | D:2      | Noticed Natasha
  2414 | D:2      | Killed Natasha
  2436 | D:2      | Noticed Ijyb
  2440 | D:2      | Killed Ijyb
  2722 | D:5      | You fall through a shaft!
  2772 | D:6      | Killed Dowan
  2772 | D:6      | Reached XP level 9. HP: 55/55 MP: 8/11
  2886 | D:6      | Found Laar's Gadget Shop.
  3038 | D:7      | Found a staircase to the Ecumenical Temple.
  3101 | D:7      | Reached *** piety under Cheibriados
  3634 | D:9      | Noticed Prince Ribbit
  3638 | D:9      | Killed Prince Ribbit
  3638 | D:9      | Reached skill level 5 in Hexes
  3665 | D:9      | Reached **** piety under Cheibriados
  3678 | D:9      | Reached skill level 5 in Dodging
  3793 | D:10     | Entered Level 10 of the Dungeon
  3793 | D:10     | Noticed Erolcha
  3797 | D:10     | Killed Erolcha
  3797 | D:10     | Reached XP level 10. HP: 61/63 MP: 13/13
  3880 | D:10     | Reached skill level 1 in Long Blades
  3880 | D:10     | Reached skill level 5 in Invocations
  3973 | D:10     | Found a shattered altar of Ashenzari.
  3973 | D:10     | Noticed a wolf spider
  3974 | D:10     | Noticed an orc knight
  3975 | D:10     | Found a burning altar of Makhleb.
  3976 | D:10     | Noticed a manticore
  3977 | D:10     | Killed an orc knight
  3981 | D:10     | Killed a wolf spider
  4122 | D:10     | Killed a manticore
  4122 | D:10     | Reached ***** piety under Cheibriados
  4122 | D:10     | Reached XP level 11. HP: 38/70 MP: 10/15
  4292 | D:11     | Reached skill level 5 in Fighting
  4308 | D:11     | Noticed a centaur warrior
  4317 | D:11     | Killed a centaur warrior
  4317 | D:11     | Reached skill level 5 in Long Blades
  4459 | D:11     | Noticed a red ugly thing
  4472 | D:11     | Killed a red ugly thing
  4541 | D:11     | Noticed a cyclops
  4581 | D:10     | Gained mutation: Your flesh is heat resistant. [potion of mutation]
  4582 | D:10     | Gained mutation: You expend magic power (3 MP) to strengthen your wands. [potion of mutation]
  4582 | D:10     | Gained mutation: Your mind is acute. (Int +2) [potion of mutation]
  4704 | D:11     | Noticed a hill giant
  4707 | D:11     | Killed a hill giant
  4715 | D:11     | Killed an unseen horror
  4865 | D:11     | Found a portal to a secret trove of treasure.
  4915 | D:11     | Found a staircase to the Orcish Mines.
  5013 | D:11     | 4thArraOfDagon: laggu
  5024 | D:11     | Hit by a large rock thrown by a cyclops

Vault maps used:
D:1:      minmay_arrival_hallway, minmay_misc_feat_hallway
D:2:      lemuel_round_altar, dk_vineyard_1, nicolae_tso_carved_into_rock,
          uniq_jessica, uniq_iyjb, uniq_sigmund, uniq_natasha
D:3:      grunt_gozag_statues, first_bread, grunt_decor_cap,
          cheibriados_altar_1, uniq_crazy_yiuf_cottage
D:4:      uniq_eustachio
D:5:      trog_eyes_of_draining, overflow_temple_1_default, minitemple,
          gammafunk_temple_overflow_statue
D:6:      nicolae_overflow_hidden_temple, overflow_temple_1_default,
          serial_shops, nicolae_shop_temple_entry_statues_fountains, shop, shop,
          shop, uniq_duvessa
D:7:      temple_pool_b
D:8:      lair_0_dummy
D:9:      grunt_livestock, uniq_prince_ribbit1
D:10:     hangedman_decor_riveting, jmf_multi_god_temple, uniq_erica,
          uniq_erolcha
D:11:     orc_david_3, trove_entry_hex_spiral

Skill      XL: |  1  2  3  4  5  6  7  8  9 10 11 |
---------------+----------------------------------+-----
Short Blades   | 3 4 5 6 8 9 |  9.9
Stealth        | 4 5 6 7 9 |  9.0
Hexes          | 3 4 5 6 |  6.0
Ice Magic      | 1 |  1.5
Invocations    | 1 2 3 4 5 6 |  6.9
Fighting       | 1 2 3 4 5 |  5.6
Dodging        | 3 4 5 6 7 |  7.5
Spellcasting   | 2 3 |  3.0
Long Blades    | 3 6 |  6.3

Action                   |  1- 3 |  4- 6 |  7- 9 | 10-12 || total
-------------------------+-------+-------+-------+-------++-------
Melee: Dagger            |    81 |    93 |   310 |   114 ||   598
       Rapier            |       |       |    15 |       ||    15
       Hand axe          |       |       |     6 |       ||     6
       Short sword       |       |       |    93 |       ||    93
Throw: Throwing net      |       |       |     3 |     1 ||     4
 Cast: Corona            |     6 |     1 |     2 |       ||     9
       Ensorcelled Hiber |     6 |     9 |    48 |    42 ||   105
       Confuse           |       |       |     5 |     7 ||    12
Invok: Slouch            |       |       |       |     2 ||     2
       Temporal Distorti |       |       |       |     1 ||     1
  Use: Potion            |     2 |     1 |     3 |     3 ||     9
       Scroll            |     1 |     3 |     4 |     4 ||    12
 Stab: Sleeping          |     6 |    14 |    41 |    32 ||    93
       Invisible         |       |     1 |       |       ||     1
       Confused          |       |       |     4 |     4 ||     8
       Distracted        |       |       |       |     1 ||     1
       Held in net/web   |       |       |       |     1 ||     1
  Eat: Chunk             |       |     2 |     9 |     3 ||    14
       Fruit             |       |       |     1 |       ||     1
       Pizza             |       |       |       |     1 ||     1
